 Dungeon Sprint DCSS version 0.26-a0-665-gefeb406119 (webtiles) character file.

Game seed: 43754801853901103

1992 mhtbhm the Eclecticist (level 9, -7/45 HPs)
             Began as a Deep Elf Earth Elementalist on Oct 16, 2020.
             Was a Believer of Vehumet.
             Killed from afar by an efreet (27 damage)
             ... with a bolt of fire
             ... in the Dungeon (Sprint IX: "|||||||||||||||||||||||||||||").
             The game lasted 00:02:14 (518 turns).

mhtbhm the Eclecticist (Deep Elf Earth Elementalist) Turns: 518, Time: 00:02:14

Health: -7/45      AC:  6    Str:  5    XL:     9   Next: 1%
Magic:  18/31      EV: 17    Int: 27    God:    Vehumet [**....]
Gold:   0          SH:  0    Dex: 15    Spells: 25/40 levels left

rFire    . . .     SeeInvis .   m - +4 quarterstaff (speed)
rCold    . . .     Faith    .   (shield currently unavailable)
rNeg     . . .     Spirit   .   c - +0 robe
rPois    .         Reflect  .   (no helmet)
rElec    .         Harm     .   o - +0 cloak
rCorr    .         Rampage  .   (no gloves)
MR       .....     NoTele   +   n - +0 pair of boots
Stlth    +++.......             (no amulet)
HPRegen  0.15/turn              p - +2 ring of protection
MPRegen  0.22/turn              q - +3 ring of intelligence

@: no status effects
A: no striking features
a: Renounce Religion


You were in the Dungeon.
You worshipped Vehumet.
Vehumet was pleased with you.
You visited 1 branch

Inventory:

Hand Weapons
 m - a +4 quarterstaff of speed (weapon)
Armour
 c - a +0 robe (worn)
 n - a +0 pair of boots (worn)
 o - a +0 cloak (worn)
Jewellery
 p - a +2 ring of protection (left hand)
 q - a +3 ring of intelligence (right hand)
Wands
 l - a wand of iceblast (5)
Scrolls
 i - 2 scrolls of blinking
 j - 3 scrolls of remove curse
 k - 2 scrolls of amnesia
Potions
 d - 5 potions of curing
 e - a potion of heal wounds
 f - a potion of haste
 g - 4 potions of magic
 h - a potion of berserk rage


   Skills:
 + Level 7.1 Dodging
 - Level 4.1 Stealth
 + Level 16.0 Spellcasting
 + Level 1.1 Transmutations
 + Level 15.1 Earth Magic
 + Level 2.5 Evocations


You had 25 spell levels left.
You knew the following spells:

 Your Spells              Type           Power        Failure   Level
a - Sandblast             Erth           ######       0%          1
b - Passwall              Tmut/Erth      ######..     1%          2
c - Stone Arrow           Conj/Erth      ######       1%          3
d - Lee's Rapid Deconstr  Erth           #######...   1%          5
e - Petrify               Tmut/Erth      ######..     1%          4

Your spell library contained the following spells:

 Spells                   Type           Power        Failure   Level
 Searing Ray              Conj           ###...       3%          2


Dungeon Overview and Level Annotations

Branches:
Dungeon (1/1)

Altars:
Cheibriados
Dithmenos
Elyvilon
Fedhas
Gozag
Hepliaklqana
Kikubaaqudgha
Makhleb
Nemelex Xobeh
Okawaru
Qazlal
Ru
Sif Muna
Trog
Uskayaw
Vehumet
Wu Jian
Xom
Yredelemnul
Zin
The Shining One
Beogh
Jiyva
Lugonu


Message History

Your experience leads to an increase in your attributes!
Your base attributes are Str 5, Int 23, Dex 15.
Increase (S)trength, (I)ntelligence, or (D)exterity?
You feel clever.
The blast of rock fragments hits the efreet!!
The efreet is heavily wounded.
The efreet gestures at you.
The fireball explodes!
The fireball engulfs you!!
Ouch! That really hurt!
Unknown command.
Evoke which item? (* to show all) (? for menu, Esc to quit)
Aiming: Iceblast
Press: ? - help, Shift-Dir - straight line The mass of ice explodes!
The iceblast engulfs the efreet.
The efreet is frozen!
The efreet is heavily wounded.
The efreet gestures at you. The bolt of fire hits you!!
Ouch! That really hurt!
You die... ▓▓▓▓▓▓▓▓▓▓▓▓▓▓▓▓▓▓▓▓▓▓▓▓▓ _'..)...[..)....@[)R.○FZ. ▓▓▓▓▓▓▓▓▓▓▓▓▓▓▓▓▓▓▓▓▓▓▓▓▓

You could see an efreet, a bullfrog and a bat zombie.

Vanquished Creatures
  2 two-headed ogres (D)
  A troll (D)
  A yak (D)
  A sky beast (D)
  An orc warrior (D)
  An ogre (D)
  A killer bee (D)
  A worker ant (D)
  An adder (D)
  A shadow imp (D)
  An ooze (D)
  A dart slug (D)
  3 leopard geckos (D)
  A bat (D)
  A rat (D)
18 creatures vanquished.

Notes
Turn   | Place    | Note
-------+----------+-------------------------------------------
     0 | D        | mhtbhm the Deep Elf Earth Elementalist began the quest for
                  | the Orb.
     0 | D        | Reached XP level 1. HP: 10/10 MP: 6/6
    20 | D        | Banished a spatial maelstrom
    58 | D        | Reached skill level 4 in Spellcasting
    58 | D        | Reached XP level 2. HP: 15/15 MP: 7/9
    80 | D        | Learned a level 2 spell: Passwall
    83 | D        | Noticed an ogre
    84 | D        | Reached skill level 5 in Earth Magic
    88 | D        | Reached skill level 5 in Spellcasting
    88 | D        | Reached XP level 3. HP: 8/19 MP: 4/11
    92 | D        | Killed an ogre
    92 | D        | Reached skill level 7 in Spellcasting
    92 | D        | Reached XP level 4. HP: 24/24 MP: 2/15
   126 | D        | Found a roughly hewn altar of Beogh.
   126 | D        | Found a snail-covered altar of Cheibriados.
   126 | D        | Found a shadowy altar of Dithmenos.
   126 | D        | Found a white marble altar of Elyvilon.
   126 | D        | Found a blossoming altar of Fedhas.
   126 | D        | Found an opulent altar of Gozag.
   127 | D        | Found a hazy altar of Hepliaklqana.
   128 | D        | Found a viscous altar of Jiyva.
   129 | D        | Found an ancient bone altar of Kikubaaqudgha.
   130 | D        | Found a corrupted altar of Lugonu.
   131 | D        | Found a burning altar of Makhleb.
   132 | D        | Found a sparkling altar of Nemelex Xobeh.
   133 | D        | Found an iron altar of Okawaru.
   134 | D        | Found a stormy altar of Qazlal.
   135 | D        | Found a sacrificial altar of Ru.
   136 | D        | Found a shimmering blue altar of Sif Muna.
   137 | D        | Found a bloodstained altar of Trog.
   138 | D        | Found a hide-covered altar of Uskayaw.
   139 | D        | Found a radiant altar of Vehumet.
   140 | D        | Found an ornate altar of the Wu Jian Council.
   141 | D        | Found a shimmering altar of Xom.
   142 | D        | Found a basalt altar of Yredelemnul.
   143 | D        | Found a glowing silver altar of Zin.
   144 | D        | Found a glowing golden altar of the Shining One.
   151 | D        | Became a worshipper of Vehumet
   232 | D        | Noticed a two-headed ogre
   232 | D        | Noticed a two-headed ogre
   232 | D        | Noticed a yak
   232 | D        | Noticed a sky beast
   237 | D        | Killed a two-headed ogre
   237 | D        | Reached skill level 13 in Spellcasting
   237 | D        | Reached skill level 1 in Evocations
   237 | D        | Reached XP level 5. HP: 10/28 MP: 12/22
   237 | D        | Reached XP level 6. HP: 12/32 MP: 13/24
   237 | D        | Reached XP level 7. HP: 13/36 MP: 13/25
   241 | D        | Killed a two-headed ogre
   241 | D        | Reached skill level 14 in Spellcasting
   241 | D        | Reached XP level 8. HP: 35/41 MP: 11/28
   244 | D        | Reached * piety under Vehumet
   244 | D        | Offered knowledge of Freeze by Vehumet.
   244 | D        | Reached skill level 15 in Spellcasting
   359 | D        | Learned a level 3 spell: Stone Arrow
   365 | D        | Learned a level 5 spell: Lee's Rapid Deconstruction
   370 | D        | Learned a level 4 spell: Petrify
   475 | D        | Reached ** piety under Vehumet
   475 | D        | Offered knowledge of Searing Ray by Vehumet.
   510 | D        | Noticed a troll
   510 | D        | Noticed an efreet
   517 | D        | Killed a troll
   517 | D        | Reached skill level 16 in Spellcasting
   517 | D        | Reached skill level 15 in Earth Magic
   517 | D        | Reached XP level 9. HP: 45/45 MP: 18/31
   518 | D        | Killed from afar by an efreet

Illustrated notes

Levels and vault maps discovered:
D:        linesprint [early_d, line_temple, items_1, d_10, items_2, lair_1,
          lair_end, items_3, orc_1, orc_end, items_4, d_15, swamp_1, shoals_1,
          snake_1, spider_1, d_20, vaults_1, items_5, swamp_end, shoals_end,
          snake_end, spider_end, vaults_end, d_27, items_6, zot_1, zot_end,
          crypt_end, forest_end, elf_end, slime_end, tomb_end, abyss_end,
          pan_hell_end]

Skill      XL: |  1  2  3  4  5  6  7  8 |
---------------+-------------------------+-----
Earth Magic    | 4 6 8 12 14 15 | 15.1
Dodging        | 3 4 6 7 |  7.1
Spellcasting   | 4 5 7 13 14 16 | 16.0
Stealth        | 3 4 |  4.1
Evocations     | 1 2 |  2.5
Transmutations | |  1.1

Action                   |  1- 3 |  4- 6 |  7- 9 || total
-------------------------+-------+-------+-------++-------
Melee: Unarmed           |       |     5 |       ||     5
 Cast: Sandblast         |    12 |     7 |    11 ||    30
       Lee's Rapid Decon |       |       |     4 ||     4
Evoke: Wand              |       |     1 |     4 ||     5
  Use: Potion            |     1 |     1 |     1 ||     3
Armor: Robe              |       |     1 |     1 ||     2
Dodge: Dodged            |     4 |    10 |    16 ||    30

Table legend: (Time is in decaauts)
 A = Elapsed time spent in this place.
 B = Non-inter-level travel time spent in this place.
 C = Inter-level travel time spent in this place.
 D = Time resting spent in this place.
 E = Time spent auto-exploring this place.
 F = Levels seen in this place.
 G = Mean time per level.
                   A        B        C        D        E       F      G
               +--------+--------+--------+--------+--------+-----+--------+
         Total |    516 |    516 |      0 |    320 |      3 |   1 |  516.0 |
       Dungeon |    516 |    516 |      0 |    320 |      3 |   1 |  516.0 |
               +--------+--------+--------+--------+--------+-----+--------+

Top non-repeatable levels by time:
       D: 516 daAuts
